 Dungeon Crawl Stone Soup version 0.28.0-1-gb440e238dd (webtiles) character file.

Game seed: 12475136034120632794

8 Hasart the Skirmisher (level 2, 0/24 HPs)
             Began as a Formicid Berserker on Feb 19, 2022.
             Was a Follower of Trog.
             Slain by a hobgoblin (2 damage)
             ... on level 1 of the Dungeon.
             The game lasted 00:01:11 (732 turns).

Hasart the Skirmisher (Formicid Berserker)           Turns: 732, Time: 00:01:12

Health: 0/24       AC:  2    Str: 21    XL:     2   Next: 15%
Magic:  2/2        EV: 12    Int:  6    God:    Trog [*.....]
Gold:   27         SH:  0    Dex: 10    Spells: 1/1 levels left

rFire   . . .      SeeInvis +   a - +0 hand axe
rCold   . . .      Faith    .   (no shield)
rNeg    . . .      Spirit   .   b - +0 animal skin
rPois   .          Reflect  .   (helmet unavailable)
rElec   .          Harm     .   (no cloak)
rCorr   .          Rampage  .   (no gloves)
Will    .....                   (no boots)
Stlth   +.........              (no amulet)
HPRegen 0.08/turn               (no ring)
MPRegen 0.08/turn               (no ring)

@: no status effects
A: permanent stasis, dig shafts and tunnels, antennae 3, four strong arms
a: Dig, Shaft Self, Renounce Religion


You were on level 1 of the Dungeon.
You worshipped Trog.
Trog was aware of your devotion.
You visited 1 branch of the dungeon, and saw 1 of its levels.

You collected 27 gold pieces.

Inventory:

Hand Weapons
 a - a +0 hand axe (weapon)
Armour
 b - a +0 animal skin (worn)
Scrolls
 c - a scroll of amnesia {unknown}
 d - a scroll of identify {unknown}
Potions
 e - a potion of heal wounds {unknown}


   Skills:
 + Level 3.3 Fighting
 * Level 3.2 Axes
 + Level 2.3 Armour
 + Level 1.9 Dodging
 + Level 0.6 Stealth


You had one spell level left.
You didn't know any spells.
Your spell library was empty.

Dungeon Overview and Level Annotations

Branches:
Dungeon (1/15)

Altars:


Innate Abilities, Weirdness & Mutations

You cannot be hasted, slowed, berserked, paralysed or teleported.
You can dig through walls and to a lower floor.
You have a pair of large antennae on your head. (SInv)
Your four strong arms can wield two-handed weapons with a shield.


Message History

You closely miss the rat. The rat bites you.
You hit the rat.
You kill the rat!
Trog accepts your kill.
No target in view!
No target in view!
Okay, then.
You open the door.
There is an open door here.
You now have 27 gold pieces (gained 16).
You sense a monster nearby.
You open the door.
A frilled lizard and a hobgoblin come into view.
The hobgoblin shouts!
The frilled lizard hisses angrily.
Found a stone staircase leading down.
There are monsters nearby!
The frilled lizard bites you but does no damage.
There is an open door here.
Okay, then.
The frilled lizard bites you. The hobgoblin hits you. The hobgoblin hits you.
The frilled lizard bites you. The hobgoblin closely misses you.
The frilled lizard closely misses you. The hobgoblin hits you.
The frilled lizard closely misses you.
The frilled lizard bites you but does no damage.
The hobgoblin barely misses you. The frilled lizard barely misses you.
The hobgoblin hits you. The hobgoblin barely misses you.
The frilled lizard unfolds its giant frill.
The frilled lizard misses you. The hobgoblin closely misses you.
The frilled lizard barely misses you. The hobgoblin barely misses you.
The frilled lizard barely misses you. The frilled lizard closely misses you.
The hobgoblin hits you.
* * * LOW HITPOINT WARNING * * *
The frilled lizard barely misses you. The hobgoblin barely misses you.
The hobgoblin hits you.
* * * LOW HITPOINT WARNING * * *
The frilled lizard bites you.
* * * LOW HITPOINT WARNING * * *
The hobgoblin hits you.
You die...

##################
#.................
#.################
#.# #.# #.# #@#
#### #..lg# ....
#....# ....
......# ....
....>..+ ....
#.##....# .... #.
+....+ ..+ #
#....# .


You could see a hobgoblin and a frilled lizard.

Vanquished Creatures
  2 ball pythons (D:1)
  An endoplasm (D:1)
  A kobold (D:1)
  A quokka (D:1)
  A frilled lizard (D:1)
  2 rats (D:1)
8 creatures vanquished.

Notes
Turn   | Place    | Note
-------+----------+-------------------------------------------
     0 | D:1      | Hasart the Formicid Berserker began the quest for the Orb.
     0 | D:1      | Reached XP level 1. HP: 18/18 MP: 1/1
   343 | D:1      | Reached XP level 2. HP: 15/24 MP: 2/2
   732 | D:1      | Slain by a hobgoblin

Illustrated notes

Levels and vault maps discovered:
D:1:      nicolae_arrival_somewhat_less_tricky_arrival, layout_basic,
          st_stairs_14

Action                   || total
-------------------------++-------
Melee: Hand axe          ||    28
Armor: Animal skin       ||     4
Dodge: Dodged            ||    34
